 Dungeon Crawl Stone Soup version 0.29-a0-323-g050149af67 (webtiles) character file.

Game seed: 9775161958323288581

170 Jortsu the Ruffian (level 5, -15/50 HPs)
             Began as a Troll Fighter on Apr 12, 2022.
             Was an Initiate of Gozag.
             Killed by divine providence
             ... invoked by an orc priest
              (16 damage)
             ... on level 3 of the Dungeon.
             The game lasted 00:04:10 (1689 turns).

Jortsu the Ruffian (Troll Fighter)                  Turns: 1689, Time: 00:04:11

Health: -15/50     AC:  6    Str: 24    XL:     5   Next: 26%
Magic:  4/4        EV:  9    Int:  4    God:    Gozag
Gold:   465        SH:  7    Dex: 11    Spells: 4/4 levels left

rFire   . . .      SeeInvis .     - Unarmed
rCold   . . .      Faith    .   b - +0 kite shield
rNeg    . . .      Spirit   .   a - +0 robe
rPois   .          Reflect  .   (helmet restricted)
rElec   .          Harm     .   m - +1 cloak
rCorr   .          Rampage  .   (gloves unavailable)
Will    .....                   (boots unavailable)
Stlth   +.........              (no amulet)
HPRegen 0.96/turn               (no ring)
MPRegen 0.09/turn               (no ring)

@: lethally poisoned (-15 -> -16), gold aura
A: large, unfitting armour, claws 3, regeneration 1, shaggy fur 1, tough skin 1
a: Renounce Religion, Potion Petition, Call Merchant, Bribe Branch


You were on level 3 of the Dungeon.
You worshipped Gozag.
Gozag was aware of your devotion.
You visited 1 branch of the dungeon, and saw 4 of its levels.

You collected 465 gold pieces.

Inventory:

Armour
 a - a +0 robe (worn)
 b - a +0 kite shield (worn)
 m - a +1 cloak (worn)
Jewellery
 f - a ring of fire
Wands
 p - a wand of flame (8)
Scrolls
 d - a scroll of magic mapping
 j - 2 scrolls of fear
 l - 2 scrolls of enchant armour
 q - a scroll of blinking {unknown}
Potions
 c - 2 potions of might
 e - a potion of mutation
 g - a potion of flight
 h - a potion of degeneration {unknown}
 i - a potion of haste
 k - 2 potions of magic
 n - a potion of heal wounds {unknown}
 o - a potion of cancellation {unknown}


   Skills:
 + Level 2.7 Fighting
 + Level 3.3 Dodging
 + Level 0.2 Stealth
 + Level 3.0 Shields
 + Level 3.8 Unarmed Combat


You had 4 spell levels left.
You didn't know any spells.
Your spell library contained the following spells:

 Spells                   Type           Power      Damage    Failure   Level
 Magic Dart               Conj           0%         1d3       80%         1
 Searing Ray              Conj           0%         2d4       90%         2
 Fulminant Prism          Conj/Hex       0%         3d6       100%        4


Dungeon Overview and Level Annotations

Branches:
Dungeon (4/15)
 Temple: D:4-7

Altars:
Fedhas
Gozag


Innate Abilities, Weirdness & Mutations

You are too large for most types of armour.
You have claws for hands.
Your natural rate of healing is unusually fast.
You are covered in fur. (AC +1)
You have tough skin. (AC +1)


Message History

The orc priest is severely wounded.
The orc priest closely misses you.
The orc priest invokes the aid of Beogh against you.
Beogh smites you!
A kobold comes into view.
It is wielding a +0 dagger and quivering poisoned darts.
You block the orc priest's attack.
The orc priest hits you but does no damage.
The kobold shouts!
You closely miss the orc priest.
The orc priest is severely wounded.
The orc priest barely misses you.
The orc priest hits you but does no damage.
The kobold throws a poisoned dart.
The poisoned dart hits you!
You are poisoned.
You closely miss the orc priest.
The orc priest is severely wounded.
You feel very sick.
The orc priest calls down the wrath of Beogh upon you.
Beogh smites you!
* * * LOW HITPOINT WARNING * * *
You block the orc priest's attack.
You closely miss the orc priest.
The orc priest is severely wounded.
You feel sick. You block the orc priest's attack. x2
The kobold hits you but does no damage.
You closely miss the orc priest.
The orc priest is severely wounded.
You feel sick. You block the orc priest's attack.
The orc priest hits you with a +0 club.
* * * LOW HITPOINT WARNING * * *
The kobold is distracted by your dazzling golden aura.
The kobold shouts!
You closely miss the orc priest.
The orc priest is severely wounded.
* * * LOW HITPOINT WARNING * * *
You feel sick.
The orc priest mumbles some strange prayers to Beogh against you.
Beogh smites you!
You die...
Your body crumbles into a pile of gold.

.#########.#
#.##..#
#.....##..#
###..
###.####..#
..).. #.#
#..#
#.####..#
###.##....#
#.#.##.##.#
$ #oo##.##.#
#@##.##.#
##K#.##.#
##.....#
#.#..###
#.##..# #..
#..# ..#
#).# ...
...# ##.
###.#


You could see 2 orc priests and a kobold.

Vanquished Creatures
  Jessica (D:3)
  Ijyb (D:3)
  4 adders
  4 dart slugs
  2 orcs (D:3)
  8 endoplasms
  3 giant cockroaches
  6 goblins
  6 hobgoblins
  6 jackals
  3 quokkas
  5 ball pythons
  5 bats
  8 kobolds
  6 rats
68 creatures vanquished.

Notes
Turn   | Place    | Note
-------+----------+-------------------------------------------
     0 | D:1      | Jortsu the Troll Fighter began the quest for the Orb.
     0 | D:1      | Reached XP level 1. HP: 22/22 MP: 0/0
    98 | D:1      | Reached XP level 2. HP: 29/29 MP: 1/1
   184 | D:1      | Found a faded altar of an unknown god.
   197 | D:1      | Prayed at the altar of an unknown god.
   197 | D:1      | Became a worshipper of Gozag Ym Sagoz the Greedy
   589 | D:1      | Reached XP level 3. HP: 36/36 MP: 2/2
   680 | D:2      | Identified the +4 shortbow "Bapsauta" {flame, rPois rCorr
                  | Int+4 Stlth-}
   930 | D:2      | Identified the +6 quarterstaff of the Coin {vorpal, rN+
                  | Str+8 Dex-4}
   969 | D:2      | Reached XP level 4. HP: 38/44 MP: 3/3
  1074 | D:3      | Noticed Ijyb
  1075 | D:3      | Found a blossoming altar of Fedhas.
  1168 | D:3      | Killed Ijyb
  1349 | D:3      | Noticed Jessica
  1352 | D:3      | Killed Jessica
  1393 | D:3      | Reached XP level 5. HP: 50/50 MP: 4/4
  1688 | D:3      | HP: 2/50 [orc priest/+0 club (3)]
  1689 | D:3      | Killed from afar by an orc priest

Illustrated notes

Levels and vault maps discovered:
D:1:      psy_arrival_statuary, layout_basic, hellmonk_ecumenical_altar_lost_god
D:2:      layout_rooms
D:3:      layout_loops_ring, lemuel_crystal_altar, uniq_jessica, uniq_ijyb,
          uniq_crazy_yiuf_cottage
D:4:      layout_basic, uniq_edmund, uniq_sigmund

Skill      XL: |  1  2  3  4 |
---------------+-------------+-----
Dodging        | 3 |  3.3
Unarmed Combat | 3 |  3.8
Shields        | 3 |  3.0
Fighting       | |  2.7
Stealth        | |  0.2

Action                   |  1- 3 |  4- 6 || total
-------------------------+-------+-------++-------
Melee: Unarmed           |    97 |   106 ||   203
  Use: Scroll            |     4 |     3 ||     7
 Stab: Sleeping          |     1 |       ||     1
       Distracted        |       |     1 ||     1
Armor: Robe              |    50 |    17 ||    67
       Skin              |       |     1 ||     1
Dodge: Dodged            |    48 |    53 ||   101
Block: Kite shield       |    47 |    20 ||    67

Table legend: (Time is in decaauts)
 A = Elapsed time spent in this place.
 B = Non-inter-level travel time spent in this place.
 C = Inter-level travel time spent in this place.
 D = Time resting spent in this place.
 E = Time spent auto-exploring this place.
 F = Levels seen in this place.
 G = Mean time per level.
                   A        B        C        D        E       F      G
               +--------+--------+--------+--------+--------+-----+--------+
         Total |   1699 |   1697 |      2 |     39 |    936 |   4 |  424.8 |
       Dungeon |   1699 |   1697 |      2 |     39 |    936 |   4 |  424.8 |
               +--------+--------+--------+--------+--------+-----+--------+

Top non-repeatable levels by time:
     D:1: 680 daAuts
     D:3: 585 daAuts
     D:2: 396 daAuts
     D:4: 37 daAuts
